 Dungeon Crawl Stone Soup version 0.28-a0-643-g84cb2ea78e (webtiles) character file.

Game seed: 13186858969343329317

35 blank1 the Poker (level 3, -2/28 HPs)
             Began as a Merfolk Gladiator on Oct 10, 2021.
             Slain by a scorpion (5 damage)
             ... on level 3 of the Dungeon.
             The game lasted 00:03:35 (1362 turns).

blank1 the Poker (Merfolk Gladiator)                Turns: 1362, Time: 00:03:36

Health: -2/28      AC:  9    Str: 15    XL:     3   Next: 33%
Magic:  3/3        EV:  7    Int:  7    God:
Gold:   111        SH:  0    Dex: 15    Spells: 2/2 levels left

rFire   + . .      SeeInvis .   a - +0 trident
rCold   + . .      Faith    .   (no shield)
rNeg    . . .      Spirit   .   i - +0 chain mail
rPois   +          Reflect  .   c - +0 helmet
rElec   +          Harm     .   (no cloak)
rCorr   +          Rampage  .   (no gloves)
Will    .....                   (no boots)
Stlth   ..........              (no amulet)
HPRegen 0.09/turn               (no ring)
MPRegen 0.08/turn               (no ring)

@: resistant, flying
A: (nimble swimmer 2), mertail
a: no special abilities


You were on level 3 of the Dungeon.
You visited 1 branch of the dungeon, and saw 3 of its levels.

You collected 111 gold pieces.

Inventory:

Hand Weapons
 a - a +0 trident (weapon)
Missiles
 d - 3 throwing nets (quivered)
Armour
 c - a +0 helmet (worn)
 i - a +0 chain mail (worn)
Scrolls
 e - 2 scrolls of fog {unknown}
 f - a scroll of acquirement {unknown}
Potions
 h - a potion of curing {unknown}
 j - a potion of lignification {unknown}
 k - a potion of heal wounds {unknown}


   Skills:
 + Level 2.8 Fighting
 + Level 4.9 Polearms
 - Level 2.0 Throwing
 + Level 0.8 Armour
 + Level 4.4 Dodging


You had 2 spell levels left.
You didn't know any spells.
Your spell library was empty.

Dungeon Overview and Level Annotations

Branches:
Dungeon (3/15)

Altars:
Makhleb

Shops:
D:2 ?


Innate Abilities, Weirdness & Mutations

((You are quick and stealthy near water. (Stealth+, EV+, Speed+++)))
Your lower body shifts to a powerful aquatic tail in water.


Message History

You barely miss the scorpion. The scorpion stings you.
You are poisoned.
The scorpion poisons you!
You hit the scorpion.
The scorpion is moderately wounded.
You feel very sick. The scorpion closely misses you.
You hit the scorpion.
The scorpion is moderately wounded.
You feel sick. The scorpion stings you. x2
You hit the scorpion.
The scorpion is heavily wounded.
You feel sick.
The scorpion stings you but does no damage.
You completely miss the scorpion.
The scorpion is heavily wounded.
You feel sick. The scorpion stings you.
You barely miss the scorpion.
The scorpion is heavily wounded.
You feel sick.
The scorpion stings you but does no damage.
You hit the scorpion.
The scorpion is severely wounded.
You feel sick.
The scorpion stings you but does no damage.
The scorpion stings you.
* * * LOW HITPOINT WARNING * * *
You barely miss the scorpion.
The scorpion is severely wounded.
You feel sick. The scorpion stings you.
* * * LOW HITPOINT WARNING * * *
It was a potion of flight.
You feel very buoyant.
You fly up into the air.
You feel sick.
You are no longer poisoned.
The scorpion stings you but does no damage.
It was a potion of resistance.
You feel protected. The scorpion stings you.
You die...

#. #.####
#.#####.#..
....(....#
........###
#........ . #.
......#
.##.####....#
.>....#s$#
#.##.#@## ...#
#.......# #.#.##
#.......#.# .....#
#.....<..# .....#
#.......## #.##.#
#........#
#.##.###[......#.#
#
#.##...........##..
#.##.##.._..#######
.##


You could see a scorpion.

Vanquished Creatures
  An adder (D:2)
  2 ball pythons (D:1)
  2 bats
  5 goblins
  A hobgoblin (D:2)
  5 jackals
  2 kobolds (D:1)
  3 frilled lizards
  2 rats (D:2)
23 creatures vanquished.

Notes
Turn   | Place    | Note
-------+----------+-------------------------------------------
     0 | D:1      | blank1 the Merfolk Gladiator began the quest for the Orb.
     0 | D:1      | Reached XP level 1. HP: 16/16 MP: 1/1
   249 | D:1      | Reached XP level 2. HP: 23/23 MP: 2/2
   707 | D:2      | Found Gohes's Magic Scroll Shop.
   833 | D:2      | Reached XP level 3. HP: 16/28 MP: 3/3
   991 | D:2      | Found a faded altar of an unknown god.
  1336 | D:3      | Found a burning altar of Makhleb.
  1350 | D:3      | Noticed a scorpion
  1362 | D:3      | Slain by a scorpion

Illustrated notes

Levels and vault maps discovered:
D:1:      kilobyte_arrival_exit_the_forest, layout_rooms,
          wander_ebering_terrifying_dragon_lair
D:2:      layout_rooms, shapermc_ecumenical_altar_gd, serial_shops, shop,
          minmay_misc_feat_tower
D:3:      layout_loops_cross, bloody_makhleb, nicolae_ru_sacrificial_ziggurat,
          minmay_misc_feat_encased

Action                   || total
-------------------------++-------
Melee: Trident           ||    70
  Use: Potion            ||     2
 Stab: Sleeping          ||     2
Armor: Leather armour    ||     5
       Chain mail        ||    24
Dodge: Dodged            ||    16

Table legend: (Time is in decaauts)
 A = Elapsed time spent in this place.
 B = Non-inter-level travel time spent in this place.
 C = Inter-level travel time spent in this place.
 D = Time resting spent in this place.
 E = Time spent auto-exploring this place.
 F = Levels seen in this place.
 G = Mean time per level.
                   A        B        C        D        E       F      G
               +--------+--------+--------+--------+--------+-----+--------+
         Total |   1359 |   1336 |     23 |    152 |    971 |   3 |  453.0 |
       Dungeon |   1359 |   1336 |     23 |    152 |    971 |   3 |  453.0 |
               +--------+--------+--------+--------+--------+-----+--------+

Top non-repeatable levels by time:
     D:2: 674 daAuts
     D:1: 655 daAuts
     D:3: 30 daAuts
